 Dungeon Crawl Stone Soup version 0.26-b1-32-g5d43845318 (webtiles) character file.

Game seed: 14001963171872664719

235 Arthanis the Firebug (level 5, 0/28 HPs)
             Began as a Deep Elf Fire Elementalist on Jan 11, 2021.
             Succumbed to a worker ant's poison
             ... on level 4 of the Dungeon.
             The game lasted 00:03:52 (3434 turns).

Arthanis the Firebug (Deep Elf Fire Elementalist)   Turns: 3434, Time: 00:03:53

Health: 0/28       AC:  2    Str:  5    XL:     5   Next: 76%
Magic:  8/14       EV: 13    Int: 21    God:
Gold:   154        SH:  0    Dex: 15    Spells: 0/13 levels left

rFire    . . .     SeeInvis .   k - +0 dagger
rCold    . . .     Faith    .   (no shield)
rNeg     . . .     Spirit   .   a - +0 robe
rPois    .         Reflect  .   (no helmet)
rElec    .         Harm     .   (no cloak)
rCorr    .         Rampage  .   (no gloves)
Will     .....     Rnd*Tele +   (no boots)
Stlth    ++........             (no amulet)
HPRegen  0.09/turn              n - ring of teleportation (curse)
MPRegen  0.14/turn              (no ring)

@: mighty, lethally poisoned (0 -> -7)
A: no striking features
a: no special abilities


You were on level 4 of the Dungeon.
You visited 1 branch of the dungeon, and saw 4 of its levels.

You collected 154 gold pieces.

Inventory:

Hand Weapons
 k - a +0 dagger (weapon)
 l - a +0 spear
Armour
 a - a +0 robe (worn)
Jewellery
 n - a cursed ring of teleportation (left hand)
Scrolls
 b - a scroll of immolation
 h - a scroll of random uselessness
 i - 4 scrolls of teleportation
 m - a scroll of enchant weapon
 o - a scroll of blinking
 q - a scroll of remove curse {unknown}
Potions
 c - a potion of mutation {unknown}
 d - a potion of flight {unknown}
 e - 2 potions of might
 g - 2 potions of haste {unknown}
 j - a potion of curing {unknown}
 p - a potion of cancellation {unknown}
 r - a potion of heal wounds {unknown}


   Skills:
 - Level 2.4 Dodging
 - Level 2.4 Stealth
 + Level 4.8 Spellcasting
 + Level 3.1 Conjurations
 * Level 5.6 Fire Magic


You couldn't memorise any spells.
You knew the following spells:

 Your Spells              Type           Power        Failure   Level
a - Foxfire               Conj/Fire      92%          1%          1
b - Conjure Flame         Conj/Fire      23%          5%          3
c - Sticky Flame          Conj/Fire      23%          19%         4
d - Fireball              Conj/Fire      11%          45%         5

Your spell library contained the following spells:

 Spells                   Type           Power        Failure   Level
 Inner Flame              Hex/Fire       16%          11%         3


Dungeon Overview and Level Annotations

Branches:
Dungeon (4/15)
 Temple: D:4-7

Altars:
Elyvilon
Sif Muna
Vehumet


Message History

* * * LOW HITPOINT WARNING * * *
Casting: Foxfire (safe; 1% risk of failure)
Confirm with . or Enter, or press ? or * to list all spells.
You conjure some foxfire!
The foxfire hits the worker ant but does no damage.
The worker ant is heavily wounded.
The foxfire hits the worker ant.
The worker ant is almost dead.
The worker ant misses you.
The foxfire hits the quokka.
The quokka is almost dead.
The worker ant bites you.
* * * LOW HITPOINT WARNING * * *
You are lethally poisoned!
The worker ant poisons you!
Casting: Foxfire (safe; 1% risk of failure)
Confirm with . or Enter, or press ? or * to list all spells.
Okay, then.
It was a potion of might.
You feel very mighty all of a sudden.
You die...

..........#.#
..#.##.##.#.#
...†..†.....#
.##....oo.###
######.).oo#
########### #.###.#
##.........# #.###.##
#..........#
#.##..o###r.§.......#
####
#.##...o.oB@§....####
...###.##..[###v......#
##.....###### #.......#
####### ###.##.## ≈#
#.##.# ≈≈# #.##.# ≈≈#
#.##.# ≈≈# #.##.# ≈≈#
#.##.#


You could see a worker ant, 3 orcs and a quokka.

Vanquished Creatures
  A scorpion (D:4)
  2 worker ants (D:4)
  A hound skeleton (D:4)
  3 gnolls (D:3)
  5 adders
  An ooze (D:2)
  2 worms
  A leopard gecko (D:3)
  An orc (D:4)
  A giant cockroach (D:3)
  5 hobgoblins
  3 quokkas
  A ball python (D:3)
  4 bats
  5 frilled lizards
  5 goblins
  8 kobolds
49 creatures vanquished.

Vanquished Creatures (others)
  250 foxfires
250 creatures vanquished.

Grand Total: 299 creatures vanquished

Notes
Turn   | Place    | Note
-------+----------+-------------------------------------------
     0 | D:1      | Arthanis the Deep Elf Fire Elementalist began the quest for
                  | the Orb.
     0 | D:1      | Reached XP level 1. HP: 10/10 MP: 6/6
   827 | D:1      | Reached XP level 2. HP: 15/15 MP: 4/8
  1353 | D:2      | Reached skill level 4 in Fire Magic
  1453 | D:2      | Reached XP level 3. HP: 19/19 MP: 6/10
  1457 | D:2      | Learned a level 3 spell: Conjure Flame
  2179 | D:3      | Reached XP level 4. HP: 24/24 MP: 7/12
  2189 | D:3      | Learned a level 4 spell: Sticky Flame
  2618 | D:3      | Found a white marble altar of Elyvilon.
  3226 | D:4      | Reached skill level 5 in Fire Magic
  3226 | D:4      | Reached XP level 5. HP: 28/28 MP: 7/13
  3298 | D:4      | Learned a level 5 spell: Fireball
  3329 | D:4      | Found a shimmering blue altar of Sif Muna.
  3375 | D:4      | Found a radiant altar of Vehumet.
  3433 | D:4      | HP: 1/28 [worker ant (2)]
  3434 | D:4      | Succumbed to a worker ant's poison

Illustrated notes

Levels and vault maps discovered:
D:1:      wander_arrival_lonely_grave, layout_loops_corners,
          minmay_crystal_water
D:2:      layout_rooms, nicolae_overflow_hidden_temple
D:3:      layout_loops_corners, lemuel_doored_altar
D:4:      layout_loops_ring, marbit_many_paths, led_sif_pool,
          gup_sewer_entry_spiral, chequers_serial_rivers_micro_d,
          minmay_ruined_shrine

Skill      XL: |  1  2  3  4  5 |
---------------+----------------+-----
Fire Magic     | 4 5 |  5.6
Conjurations   | 2 3 |  3.1
Spellcasting   | 4 |  4.8
Dodging        | |  2.4
Stealth        | |  2.4

Action                   |  1- 3 |  4- 6 || total
-------------------------+-------+-------++-------
Melee: Dagger            |     2 |     1 ||     3
 Cast: Foxfire           |    92 |    62 ||   154
  Use: Scroll            |       |     5 ||     5
       Potion            |       |     1 ||     1
 Stab: Sleeping          |     2 |       ||     2
Armor: Robe              |     3 |     2 ||     5
Dodge: Dodged            |    10 |    18 ||    28
